 Dungeon Crawl Stone Soup version 0.20-a0-681-gf83e07f (webtiles) character file.

701 thurin the Digger (level 7, 0/36 HPs)
             Began as a Gargoyle Earth Elementalist on Feb 19, 2017.
             Slain by an orc warrior
             ... wielding a +0 war axe
              (6 damage)
             ... on level 5 of the Dungeon.
             The game lasted 00:40:16 (5115 turns).

thurin the Digger (Gargoyle Earth Elementalist)     Turns: 5115, Time: 00:40:17

Health: 0/36       AC:  7    Str: 11    XL:     7   Next: 66%
Magic:  13/14      EV: 12    Int: 18    God:
Gold:   300        SH:  0    Dex: 10    Spells: 7/16 levels left

rFire    . . .     SeeInvis +   i - +1 mace
rCold    . . .     Gourm    .   c - +1 robe
rNeg     + . .     Faith    .   (no shield)
rPois    ∞         Spirit   .   (no helmet)
rElec    +         Reflect  .   (no cloak)
rCorr    .         Harm     .   (no gloves)
MR       .....                  (no boots)
Stlth    ++........             (no amulet)
Regen    0.2/turn               (no ring)
MPRegen  0.2/turn               x - ring of see invisible

@: no status effects
A: negative energy resistance 1, electricity resistance, unbreathing,
petrification resistance, rot immunity, AC +4
a: no special abilities


You were on level 5 of the Dungeon.
You were not hungry.

You visited 1 branch of the dungeon, and saw 6 of its levels.

You collected 300 gold pieces.

Inventory:

Hand Weapons
 i - a +1 mace (weapon)
 p - a +0 short sword of electrocution
 t - a +3 dagger
Missiles
 b - 57 stones (quivered)
Armour
 c - a +1 robe (worn)
Jewellery
 x - a ring of see invisible (left hand)
 z - an uncursed ring of positive energy {unknown}
Wands
 f - a wand of flame (23/48)
 y - a wand of digging (7/24)
 B - a wand of polymorph (19/24)
Scrolls
 j - 2 scrolls of teleportation
 m - 4 scrolls of identify
 n - a scroll of fog {unknown}
 o - a scroll of blinking
 q - a scroll of enchant armour
 r - 2 scrolls of enchant weapon
 u - 2 scrolls of remove curse
 C - a scroll of magic mapping {unknown}
Potions
 g - 2 potions of curing {unknown}
 k - a potion of brilliance {unknown}
 l - a potion of degeneration {unknown}
 s - 3 potions of mutation {unknown}
 w - 2 potions of agility {unknown}
 A - a potion of lignification {unknown}
 D - a potion of magic {unknown}
Books
 e - a book of Geomancy

   Spells                             Type                      Level
   a - Sandblast                      Earth                        1
   b - Passwall                       Transmutation/Earth          2
   c - Stone Arrow                    Conjuration/Earth            3
   d - Petrify                        Transmutation/Earth          4
   e - Lee's Rapid Deconstruction     Earth                        5
Comestibles
 a - 2 royal jellies
 d - 6 bread rations
 h - 3 fruits
 v - 2 meat rations


   Skills:
 + Level 0.2 Fighting
 + Level 0.4 Maces & Flails
 + Level 0.9 Armour
 + Level 1.8 Dodging
 - Level 2.1 Stealth
 * Level 5.1 Spellcasting
 + Level 4.1 Conjurations
   Level 0.7 Transmutations
 + Level 6.3 Earth Magic
 + Level 0.1 Evocations


You had 7 spell levels left.
You knew the following spells:

 Your Spells              Type           Power        Failure   Level  Hunger
a - Sandblast             Erth           ####..       1%          1    None
b - Stone Arrow           Conj/Erth      ###...       4%          3    ##.....
c - Lee's Rapid Deconstr  Erth           ####......   28%         5    ######.


Dungeon Overview and Level Annotations

Branches:
Dungeon (6/15)
 Temple: D:4-7

Altars:
Ru

Shops:
D:4 }


Innate Abilities, Weirdness & Mutations

You are resistant to torment.
Your stone body is resilient. (AC +4)
You are immune to poison.
You resist negative energy. (rN+)
You are resistant to electric shocks. (rElec)
You can survive without breathing.
You are immune to petrification.
You are immune to rotting.


Message History

a trident; an orc corpse
Casting: Sandblast
Confirm with . or Enter, or press ? or * to list all spells.
Aiming: Sandblast
Press: ? - help, Shift-Dir - straight line, f - orc warrior
Aim: an orc warrior, wielding a war axe and wearing a chain mail The blast of sand hits the orc warrior.
b - 58 stones
There is a stone staircase leading up here.
You climb upwards.
There is a stone staircase leading down here.
Casting: Sandblast
Confirm with . or Enter, or press ? or * to list all spells.
Aiming: Sandblast
Press: ? - help, Shift-Dir - straight line, f - orc warrior
Aim: an orc warrior, wielding a war axe and wearing a chain mail The blast of sand hits the orc warrior.
b - 57 stones The orc warrior hits you with a war axe.
You die...

...##.#
#...###########.#
...##.#
######..........#
......# #.########.#
...#..# #.# #.#
...#..####### #.# #.#
............###.## #.#
.................# ###.#
.###.######.###..# #.).#
<# #.# #.# #.@# ##.#.#
.# #.# #.# #o.# ##.#..#
.# #.# #.# #..###.###.##
## #.# #.# #.....## ##.#
#.######.####.###.###.##
#.##..........####.#.##
#.##................##
#.##.....############
#.....####


You could see an orc warrior.

Vanquished Creatures
  A phantom (D:4)
  A centaur (D:5)
  A howler monkey (D:5)
  2 crimson imps (D:5)
  3 hounds
  2 orc wizards (D:5)
  2 worker ants
  2 hound skeletons (D:4)
  6 adders
  2 oozes
  An adder zombie (D:5)
  2 adder skeletons
  A worm (D:2)
  4 dart slugs
  6 leopard geckos
  14 orcs
  A ball python (D:5)
  3 bats
  4 giant cockroaches
  9 goblins
  9 hobgoblins
  19 jackals
  9 kobolds
  A quokka (D:2)
  6 frilled lizards
  5 rats
116 creatures vanquished.

Vanquished Creatures (others)
  A leopard gecko (D:1)
1 creature vanquished.

Grand Total: 117 creatures vanquished

Notes
Turn   | Place    | Note
-------+----------+-------------------------------------------
     0 | D:1      | thurin the Gargoyle Earth Elementalist began the quest for the Orb.
     0 | D:1      | Reached XP level 1. HP: 10/10 MP: 3/3
   127 | D:1      | Reached XP level 2. HP: 15/15 MP: 3/5
   162 | D:1      | Reached skill level 4 in Earth Magic
   467 | D:1      | Reached XP level 3. HP: 19/19 MP: 0/6
   472 | D:1      | Learned a level 3 spell: Stone Arrow
   887 | D:1      | Reached skill level 1 in Conjurations
  1179 | D:2      | Found a sacrificial altar of Ru.
  1504 | D:2      | Reached XP level 4. HP: 11/24 MP: 5/8
  1997 | D:2      | You fall through a shaft!
  2159 | D:3      | Reached skill level 5 in Earth Magic
  2451 | D:3      | Reached XP level 5. HP: 28/28 MP: 6/9
  2910 | D:4      | Found Rinoblea's Gadget Boutique.
  3006 | D:4      | Noticed a phantom
  3013 | D:4      | Killed a phantom
  3013 | D:4      | Reached XP level 6. HP: 32/32 MP: 4/12
  3677 | D:5      | Entered Level 5 of the Dungeon
  3911 | D:5      | Reached XP level 7. HP: 13/36 MP: 6/13
  3913 | D:5      | Reached skill level 6 in Earth Magic
  4550 | D:5      | Reached skill level 5 in Spellcasting
  4566 | D:5      | Learned a level 5 spell: Lee's Rapid Deconstruction
  5115 | D:5      | Slain by an orc warrior

Vault maps used:
D:1:      wheals_arrival_shading, lexackson_kobold_supper
D:2:      lemuel_doored_altar
D:4:      serial_shops, shop_coins, first_bread
D:6:      kennysheep_slugbush, enter_ossuary_5

Skill      XL: |  1  2  3  4  5  6  7 |
---------------+----------------------+-----
Earth Magic    | 4 5 6 |  6.3
Conjurations   | 1 2 3 4 |  4.1
Spellcasting   | 3 4 5 |  5.1
Fighting       | |  0.2
Maces & Flails | |  0.4
Armour         | |  0.9
Dodging        | |  1.8
Stealth        | |  2.1
Transmutations | |  0.7
Evocations     | |  0.1

Action                   |  1- 3 |  4- 6 |  7- 9 || total
-------------------------+-------+-------+-------++-------
Melee: Club              |    10 |       |       ||    10
       Mace              |    36 |    21 |     3 ||    60
       Dagger            |       |    21 |       ||    21
       Short sword       |       |     7 |     7 ||    14
 Cast: Sandblast         |    46 |    58 |    50 ||   154
       Stone Arrow       |       |     6 |     4 ||    10
Evoke: Wand              |       |     2 |       ||     2
  Use: Scroll            |       |     4 |     2 ||     6
  Eat: Chunk             |     2 |     8 |     3 ||    13
       Meat ration       |       |       |     1 ||     1
Armor: Robe              |    25 |    30 |     6 ||    61
Dodge: Dodged            |    56 |    44 |    24 ||   124
